 Dungeon Crawl Stone Soup version 0.23.2-11-gf996548c65 (webtiles) character file.

Game seed: 16959422407271689273

3176 BorisKarlOrff the Spear-Bearer (level 9, -19/71 HPs)
             Began as a Minotaur Chaos Knight on June 5, 2019.
             Was a Plaything of Xom.
             Killed from afar by an orc warrior (57 damage)
             ... with an exploding inner flame
             ... hexed by the player character
             ... on level 9 of the Dungeon.
             The game lasted 00:22:01 (7098 turns).

BorisKarlOrff the Spear-Bearer (MiCK)               Turns: 7098, Time: 00:22:03

Health: -19/71     AC: 15    Str: 20    XL:     9   Next: 63%
Magic:  8/8        EV: 12    Int: 11    God:    Xom [.*....]
Gold:   547        SH:  0    Dex: 10    Spells: 8/8 levels left

rFire    x . .     SeeInvis .   a - +4 spear (chaos)
rCold    + . .     Gourm    .   (no shield)
rNeg     . . .     Faith    .   y - +7 ring mail "Kicliurr" {Int+2}
rPois    .         Spirit   .   (helmet restricted)
rElec    .         Reflect  .   C - +0 cloak
rCorr    .         Harm     .   d - +1 pair of gloves
MR       .....                  (no boots)
Stlth    ++........             j - amulet of regeneration
HPRegen  0.61/turn              x - ring of ice
MPRegen  0.11/turn              (no ring)

@: no status effects
A: retaliatory headbutt, horns 2, deformed body, frail 1
a: Renounce Religion


You were on level 9 of the Dungeon.
You worshipped Xom.
You were a plaything of Xom.
You were not hungry.

You visited 1 branch of the dungeon, and saw 9 of its levels.

You collected 547 gold pieces.

Inventory:

Hand Weapons
 a - a +4 spear of chaos (weapon)
 s - a +0 hunting sling
Missiles
 q - 64 sling bullets
Armour
 d - a +1 pair of gloves (worn)
 y - the +7 ring mail "Kicliurr" (worn) {Int+2}
   (You found it on level 5 of the Dungeon)

   It affects your intelligence (+2).
 C - a +0 cloak (worn)
Jewellery
 j - an amulet of regeneration (around neck)
 x - a ring of ice (left hand)
 E - an uncursed amulet of the acrobat
Wands
 l - a wand of acid (12)
 p - a wand of flame (19)
 B - a wand of digging (4)
 D - a wand of random effects (11)
Scrolls
 b - a scroll of immolation
 e - 6 scrolls of remove curse
 f - 3 scrolls of magic mapping
 t - 5 scrolls of identify
 w - 2 scrolls of teleportation
Potions
 g - 3 potions of magic
 h - a potion of flight
 i - 3 potions of lignification
 k - 3 potions of agility
 m - 3 potions of curing
 n - a potion of haste {unknown}
 o - 3 potions of heal wounds {unknown}
 u - 3 potions of brilliance {unknown}
 v - a potion of ambrosia {unknown}
 z - a potion of might {unknown}
Comestibles
 c - 16 rations


   Skills:
 + Level 7.5 Fighting
 + Level 10.7 Polearms
 + Level 8.4 Armour
 + Level 4.5 Dodging
 + Level 3.8 Stealth


You had 8 spell levels left.
You didn't know any spells.
Your spell library contained the following spells:

 Spells                   Type           Power        Failure   Level  Hunger
 Freeze                   Ice            #...         50%         1    ##.....
 Magic Dart               Conj           #...         50%         1    ##.....
 Blink                    Tloc           N/A          63%         2    ###....
 Call Imp                 Summ           #.......     63%         2    ###....
 Slow                     Hex            #.......     63%         2    ###....
 Throw Frost              Conj/Ice       #.....       63%         2    ###....
 Conjure Flame            Conj/Fire      #.......     86%         3    ####...
 Mephitic Cloud           Conj/Pois/Air  #.......     86%         3    ####...
 Ozocubu's Armour         Chrm/Ice       #.......     86%         3    ####...
 Summon Ice Beast         Ice/Summ       #.......     99%         4    #####..
 Throw Icicle             Conj/Ice       #.......     99%         4    #####..


Dungeon Overview and Level Annotations

Branches:
Dungeon (9/15)             Temple (0/1) D:5             Orc (0/2) D:9
   Lair: D:8-11

Altars:
Ashenzari
Cheibriados
Elyvilon
Hepliaklqana
Makhleb
Qazlal
Ru
Sif Muna
Xom
Yredelemnul
Zin
The Shining One
Beogh

Shops:
D:8 (

Annotations:
D:4 Supaplex's ghost, novice GnIE


Innate Abilities, Weirdness & Mutations

You reflexively headbutt those who attack you in melee.
You have a pair of horns on your head.
Armour fits poorly on your strangely shaped body.
You are frail. (-10% HP)


Message History

Your quasit is almost dead.
The quasit is engulfed in blazing flames.
You kill the quasit!
The orc warrior is engulfed in blazing flames.
You hear a shout! x3
There is an open door here.
Unknown command.
You open the door.
There is an open door here.
The orc warrior barely misses you.
The orc warrior hits you but does no damage.
You hit the orc warrior. You burn the orc warrior.
The orc warrior explodes!
The fiery explosion engulfs the orc warrior!!
The orc warrior is severely wounded.
The fiery explosion engulfs you!!! The fire burns you terribly!
Xom thinks this is hilarious!
Ouch! That really hurt!
You die...
Xom giggles madly!

..oo #####'#### ...
#....o...# ## ...
#........# #. ####
#.......o# ..
...####....o...# .#
...##.)).......# #.#
...#..#........#
##..#
...#.##.......o###..#
...'.##.>.....§§@..#
...####.......§#####
#### ########## .#
.### ####+###### †..#
#.........#
...########
#.........#
†.........####
#.........#
...######....#####
#.........#


You could see an orc warrior and an orc.

Vanquished Creatures
  Pikel (D:5)
  A hippogriff (D:7)
  A hungry ghost (D:8)
  An orc warrior (D:9)
  2 ice beasts
  A sky beast (D:8)
  A black bear (D:7)
  2 ogres (D:4)
  4 centaurs
  3 bullfrogs (D:6)
  A gnoll sergeant (D:9)
  2 water moccasin skeletons (D:6)
  A scorpion (D:9)
  2 howler monkeys (D:5)
  A bullfrog zombie (D:8)
  2 jellies
  3 crimson imps
  Crazy Yiuf (D:7)
  2 centaur skeletons
  A gnoll shaman (D:6)
  An orc priest (D:6)
  3 hounds
  2 orc wizards (D:9)
  A bullfrog skeleton (D:6)
  Jessica (D:3)
  3 iguanas
  2 hound skeletons (D:9)
  Robin (D:3)
  A worker ant zombie (D:5)
  9 gnolls
  5 adders
  A shadow imp (D:6)
  An ooze (D:6)
  2 adder skeletons
  3 worms
  2 dart slugs
  5 leopard geckos
  28 orcs
  4 giant cockroaches
  17 goblins
  8 hobgoblins
  9 jackals
  9 kobolds
  2 quokkas
  A ball python (D:2)
  10 bats
  3 frilled lizards
  A jackal zombie (D:5)
  A leopard gecko skeleton (D:7)
  A leopard gecko zombie (D:8)
  11 rats
181 creatures vanquished.

Vanquished Creatures (collateral kills)
  2 orc wizards (D:5)
  An orc (D:5)
3 creatures vanquished.

Vanquished Creatures (others)
  A slave (D:5)
  An orc wizard (D:6)
  A rat (D:1)
3 creatures vanquished.

Grand Total: 187 creatures vanquished

Notes
Turn   | Place    | Note
-------+----------+-------------------------------------------
     0 | D:1      | BorisKarlOrff the Minotaur Chaos Knight began the quest for
                  | the Orb.
     0 | D:1      | Reached XP level 1. HP: 19/19 MP: 0/0
   136 | D:1      | Reached XP level 2. HP: 13/27 MP: 1/1
   149 | D:1      | Reached skill level 4 in Polearms
   586 | D:1      | Reached XP level 3. HP: 33/33 MP: 2/2
   848 | D:1      | XOM: mild Air miscast
   979 | D:2      | XOM: noise
   979 | D:2      | Found a white marble altar of Elyvilon.
   982 | D:2      | Found a hazy altar of Hepliaklqana.
  1120 | D:2      | XOM: noise
  1125 | D:2      | Reached XP level 4. HP: 41/41 MP: 3/3
  1549 | D:3      | Reached skill level 5 in Polearms
  1572 | D:3      | XOM: 2-stop teleportation journey
  1642 | D:3      | XOM: blink monster(s)
  1727 | D:3      | XOM: god gift: 20 sling bullets
  1901 | D:3      | Noticed Jessica
  1924 | D:3      | Killed Jessica
  1924 | D:3      | Reached XP level 5. HP: 40/47 MP: 4/4
  1955 | D:3      | XOM: mild Erth miscast
  2062 | D:3      | XOM: silly message
  2160 | D:3      | Noticed Robin
  2163 | D:3      | XOM: blink monster(s)
  2193 | D:3      | Killed Robin
  2386 | D:4      | Found a shimmering altar of Xom.
  2424 | D:4      | Noticed an ogre
  2429 | D:4      | XOM: enchant monster (bad)
  2432 | D:4      | Killed an ogre
  2432 | D:4      | Reached skill level 6 in Polearms
  2432 | D:4      | Reached XP level 6. HP: 41/55 MP: 5/5
  2664 | D:4      | Reached skill level 5 in Fighting
  2810 | D:4      | Found a transporter.
  2812 | D:4      | Found a transporter.
  2812 | D:4      | Identified the +4 dire flail of Animal Spirits {venom, +Inv
                  | Str+2 Int+3}
  2812 | D:4      | Noticed Supaplex's ghost (novice GnIE)
  2845 | D:4      | XOM: butterfly on damage
  2849 | D:4      | XOM: chaos upgrade
  3188 | D:5      | Entered Level 5 of the Dungeon
  3291 | D:5      | XOM: silly message
  3328 | D:5      | Reached skill level 7 in Polearms
  3415 | D:5      | XOM: god gift: ration
  3433 | D:5      | Found a glowing silver altar of Zin.
  3433 | D:5      | Found a deep blue altar of Sif Muna.
  3506 | D:5      | Noticed a slave
  3507 | D:5      | Noticed a slave
  3507 | D:5      | Noticed a slave
  3507 | D:5      | Noticed a slave
  3508 | D:5      | Noticed Pikel
  3518 | D:5      | Killed Pikel
  3518 | D:5      | Reached skill level 8 in Polearms
  3518 | D:5      | Reached skill level 5 in Armour
  3518 | D:5      | Reached skill level 1 in Stealth
  3518 | D:5      | Reached XP level 7. HP: 59/62 MP: 6/6
  3576 | D:5      | Found a staircase to the Ecumenical Temple.
  3622 | D:5      | Got an ichor-stained ring mail
  3633 | D:5      | Identified the +7 ring mail "Kicliurr" {Int+2} (You found
                  | it on level 5 of the Dungeon)
  3641 | D:5      | Found a sacrificial altar of Ru.
  3744 | D:5      | Reached XP level 8. HP: 63/70 MP: 7/7
  3784 | D:5      | Found a glowing golden altar of the Shining One.
  3992 | D:5      | XOM: god gift: 46 gold pieces
  4020 | D:5      | XOM: god gift: 19 stones
  4128 | D:6      | Found a basalt altar of Yredelemnul.
  4276 | D:6      | XOM: potion effect (agility)
  4279 | D:6      | Reached skill level 9 in Polearms
  4314 | D:6      | XOM: harmless Air miscast
  4347 | D:6      | XOM: swap monsters
  4364 | D:6      | XOM: harmless Fire miscast
  4501 | D:6      | XOM: medium Ice miscast
  4789 | D:6      | XOM: medium Tmut miscast
  4972 | D:6      | Reached XP level 9. HP: 69/78 MP: 8/8
  5212 | D:7      | XOM: 2-stop teleportation journey
  5265 | D:7      | XOM: mild Summ miscast
  5286 | D:7      | XOM: scenery: create altars
  5318 | D:7      | Found a stormy altar of Qazlal.
  5357 | D:7      | Found a runed translucent door.
  5358 | D:7      | Noticed Crazy Yiuf
  5488 | D:7      | XOM: mild Pois miscast
  5493 | D:7      | Found a snail-covered altar of Cheibriados.
  5510 | D:7      | XOM: medium Tmut miscast
  5983 | D:7      | XOM: noise
  6014 | D:7      | Killed Crazy Yiuf
  6169 | D:8      | XOM: give mutations
  6169 | D:8      | Gained mutation: Armour fits poorly on your strangely
                  | shaped body. [Xom's mischief]
  6169 | D:8      | Gained mutation: You are frail. (-10% HP) [Xom's mischief]
  6358 | D:8      | Reached skill level 10 in Polearms
  6395 | D:8      | Found a burning altar of Makhleb.
  6429 | D:8      | Found Fexad's Weapon Shoppe.
  6442 | D:8      | Found a shattered altar of Ashenzari.
  6527 | D:8      | XOM: confusion (+ monsters)
  6533 | D:8      | XOM: swap monsters
  6923 | D:9      | XOM: smoke on damage
  7052 | D:9      | Found a roughly hewn altar of Beogh.
  7052 | D:9      | Found a staircase to the Orcish Mines.
  7064 | D:9      | XOM: summons friendly quasit
  7098 | D:9      | Killed from afar by an orc warrior

Skill      XL: |  1  2  3  4  5  6  7  8  9 |
---------------+----------------------------+-----
Polearms       | 4 5 6 8 9 10 | 10.7
Fighting       | 4 5 6 7 |  7.5
Armour         | 3 4 5 7 8 |  8.4
Dodging        | 2 3 4 |  4.5
Stealth        | 1 2 3 |  3.8

Action                   |  1- 3 |  4- 6 |  7- 9 || total
-------------------------+-------+-------+-------++-------
Melee: Spear             |   103 |   184 |   233 ||   520
       Headbutt          |    12 |    21 |    50 ||    83
  Use: Scroll            |     5 |    13 |     3 ||    21
       Potion            |       |     1 |       ||     1
 Stab: Paralysed         |       |     1 |     3 ||     4
       Confused          |       |     1 |     4 ||     5
  Eat: Ration            |       |     3 |     4 ||     7
       Chunk             |       |     1 |       ||     1
Armor: Leather armour    |    25 |       |       ||    25
       Scale mail        |    23 |    73 |     1 ||    97
       Ring mail         |       |       |    85 ||    85
Dodge: Dodged            |    67 |   101 |   124 ||   292
